 Dungeon Sprint DCSS version 0.24-a0-250-g6074511092 (webtiles) character file.

Game seed: 8325590199718846806

53 Redear the Magician (level 3, -11/19 HPs)
             Began as a Deep Elf Fire Elementalist on Apr 15, 2019.
             Mangled by a water elemental (19 damage)
             ... in the Dungeon (Sprint III: "The Ten Rune Challenge").
             The game lasted 00:02:02 (296 turns).

Redear the Magician (Deep Elf Fire Elementalist)     Turns: 296, Time: 00:02:02

Health: -11/19     AC:  2    Str:  5    XL:     3   Next: 64%
Magic:  12/12      EV: 13    Int: 20    God:
Gold:   19         SH:  0    Dex: 15    Spells: 13/14 levels left

rFire    . . .     SeeInvis .   (no weapon)
rCold    . . .     Gourm    .   (no shield)
rNeg     . . .     Faith    .   a - +0 robe
rPois    .         Spirit   .   (no helmet)
rElec    .         Reflect  .   (no cloak)
rCorr    .         Harm     .   (no gloves)
MR       .....     NoTele   +   (no boots)
Stlth    ++........             b - amulet of rage {+Rage}
HPRegen  0.06/turn              (no ring)
MPRegen  0.13/turn              (no ring)

@: engulfed (cannot breathe)
A: no striking features
a: Evoke Berserk Rage


You were in the Dungeon.
You were not hungry.

You visited 1 branch You collected 19 gold pieces.

Inventory:

Armour
 a - a +0 robe (worn)
Jewellery
 b - an amulet of rage (around neck) {+Rage}
Scrolls
 f - 2 scrolls of immolation {unknown}
 i - 2 scrolls of identify {unknown}
 j - 3 scrolls of remove curse
 B - a scroll of blinking {@r4}
Potions
 c - 2 potions of might {unknown}
 d - 5 potions of mutation {unknown}
 e - 2 potions of heal wounds {@q1}
 g - 2 potions of magic
 h - a potion of berserk rage
 l - 2 potions of flight
 H - 2 potions of haste {@q5}
 Q - a potion of curing {@q2}
Comestibles
 z - 3 rations


   Skills:
 - Level 2.4 Dodging
 - Level 2.4 Stealth
 + Level 6.2 Spellcasting
 + Level 4.5 Conjurations
 + Level 5.6 Fire Magic


You had 13 spell levels left.
You knew the following spells:

 Your Spells              Type           Power        Failure   Level  Hunger
a - Flame Tongue          Conj/Fire      ####.        1%          1    None

Your spell library contained the following spells:

 Spells                   Type           Power        Failure   Level  Hunger
 Throw Flame              Conj/Fire      ####..       1%          2    None
 Conjure Flame            Conj/Fire      ####....     3%          3    ##.....
 Inner Flame              Hex/Fire       ###.....     10%         3    ##.....
 Sticky Flame             Conj/Fire      ####....     13%         4    ####...
 Fireball                 Conj/Fire      ####......   34%         5    #####..


Dungeon Overview and Level Annotations

Branches:
Dungeon (1/1)

Altars:


Message History

The water elemental hits you.
You take 5 damage, and have 14/19 hp.
MASSIVE DAMAGE!!
You hit the water elemental but do no damage.
The water elemental is lightly damaged.
The water elemental hits you.
The water elemental engulfs you in water!
You take 1 damage, and have 13/19 hp.
Okay, then.
You cannot cast spells while unable to breathe!
Okay, then.
Unknown command.
You cannot cast spells while unable to breathe!
Okay, then.
Okay, then.
Unknown command.
You fail to use your ability.
Your lungs strain for air!
The water elemental hits you!!
Ouch! That really hurt!
You die...

▓▓▓▓▓▓▓ ▓▓▓ ..#...####
##.# ..#......#####..#
.##.......#..#..#
#.##.##.).#..#..###+#+##
#.##.###..##'#..#.......
.####.##..###...@.⌠.....
###..##..####...#E..####
.....##..###....#.⌠.#
##÷.##...##.....#...#
#..##....#......#+###
..###..##.#.....# ..#
#..#####....# ▓▓▓ ▓▓▓▓
▓▓▓▓▓▓


You could see a water elemental.

Vanquished Creatures
  Jessica (D)
  A human (D)
  An ooze (D)
  A phantom (D)
  2 rats (D)
6 creatures vanquished.

Vanquished Creatures (others)
  2 draconian scorchers (D)
  6 hellions (D)
8 creatures vanquished.

Grand Total: 14 creatures vanquished

Notes
Turn   | Place    | Note
-------+----------+-------------------------------------------
     0 | D        | Redear the Deep Elf Fire Elementalist began the quest for
                  | the Orb.
     0 | D        | Reached XP level 1. HP: 10/10 MP: 6/6
     8 | D        | Reached skill level 2 in Conjurations
    11 | D        | Reached skill level 4 in Spellcasting
    11 | D        | Reached skill level 4 in Fire Magic
    55 | D        | Noticed Jessica
    58 | D        | Killed Jessica
    58 | D        | Reached skill level 5 in Spellcasting
    58 | D        | Reached skill level 3 in Conjurations
    58 | D        | Reached skill level 5 in Fire Magic
    58 | D        | Reached XP level 2. HP: 15/15 MP: 7/10
    58 | D        | Reached XP level 3. HP: 19/19 MP: 7/11
    87 | D        | Reached skill level 4 in Conjurations
    89 | D        | Killed a hellion
    89 | D        | Killed a hellion
    90 | D        | Killed a hellion
    90 | D        | Killed a hellion
   108 | D        | Reached skill level 6 in Spellcasting
   138 | D        | Killed a hellion
   153 | D        | Killed a hellion
   162 | D        | Killed a white draconian scorcher
   198 | D        | Killed a white draconian scorcher
   291 | D        | Noticed a water elemental
   296 | D        | Mangled by a water elemental

Levels and vault maps discovered:
D:        dungeon_sprint_mu [sprint_mu_entry_cave, sprint_mu_temple_rooms,
          sprint_mu_d1_spiders, sprint_mu_d2_genie, sprint_mu_d3_branching,
          sprint_mu_orc_legion, sprint_mu_elf_gauntlet, sprint_mu_hive_nellie,
          sprint_mu_lair_fedhas, sprint_mu_vaults_butterflies,
          sprint_mu_slime_circle, sprint_mu_swamp_cave, sprint_mu_snake_twists,
          sprint_mu_blade_basic, sprint_mu_crypt_lich, sprint_mu_tomb_spiral,
          sprint_mu_vestibule_basic, sprint_mu_gehenna_hellfire,
          sprint_mu_dis_giant, sprint_mu_tartarus_statrot,
          sprint_mu_cocytus_islands, sprint_mu_zot1]

Skill      XL: |  1  2  3 |
---------------+----------+-----
Conjurations   | 3 4 |  4.5
Spellcasting   | 5 6 |  6.2
Fire Magic     | 5 |  5.6
Dodging        | |  2.4
Stealth        | |  2.4

Action                   || total
-------------------------++-------
Melee: Unarmed           ||     3
 Cast: Flame Tongue      ||    17
Armor: Robe              ||     1
Dodge: Dodged            ||     6

Table legend:
 A = Non-vault XP
 B = Vault XP
 C = Vault XP percentage of total XP
 D = Non-vault monster count
 E = Vault monster count
 F = Vault count percentage of total count
                 A         B        C        D         E       F
            +---------+---------+-------+---------+---------+-------
      Total |       0 |      77 | 100.0 |       0 |       6 | 100.0
            +---------+---------+-------+---------+---------+-------
          D |       0 |      77 | 100.0 |       0 |       6 | 100.0
            +---------+---------+-------+---------+---------+-------
